 Dungeon Crawl Stone Soup version 0.22-a0-422-g9628fc8 (webtiles) character file.

29925 Firecrotchwizard the Severer (level 13, -2/122 HPs)
             Began as a Minotaur Gladiator on May 17, 2018.
             Was a High Priest of Makhleb.
             Slain by a polar bear (3 damage)
             ... on level 4 of the Lair of Beasts.
             The game lasted 00:35:26 (16159 turns).

Firecrotchwizard the Severer (Minotaur Gladiator)  Turns: 16159, Time: 00:35:26

Health: -2/122     AC: 19    Str: 19    XL:     13   Next: 17%
Magic:  15/15      EV: 14    Int:  5    God:    Makhleb [*****.]
Gold:   817        SH:  7    Dex: 17    Spells: 12/12 levels left

rFire    + + .     SeeInvis .   O - +1 whip (elec)
rCold    + . .     Gourm    .   z - +2 buckler
rNeg     . . .     Faith    .   p - +1 chain mail {rF+}
rPois    +         Spirit   .   J - +1 hat
rElec    .         Reflect  .   V - scarf {rC+ rF+}
rCorr    .         Harm     .   y - +1 pair of gloves
MR       .....                  B - +2 pair of boots {run}
Stlth    ..........             k - amulet of rage {+Rage, !d}
HPRegen  0.30/turn              l - ring of poison resistance {rPois, !d}
MPRegen  0.14/turn              R - ring of flight {+Fly, !d}

@: slowed, very slow
A: retaliatory headbutt, horns 2
a: Minor Destruction, Lesser Servant of Makhleb, Major Destruction, Greater
Servant of Makhleb, Renounce Religion, Evoke Berserk Rage, Evoke Flight


You were on level 4 of the Lair of Beasts.
You worshipped Makhleb.
Makhleb was extremely pleased with you.
You were not hungry.

You visited 2 branches of the dungeon, and saw 15 of its levels.

You collected 1100 gold pieces.
You spent 283 gold pieces at shops.

Inventory:

Hand Weapons
 L - a +0 hand axe of flaming
   (You took it off an orc on level 9 of the Dungeon)
 O - a +1 whip of electrocution (weapon)
   (You took it off a kobold on level 9 of the Dungeon)
Missiles
 d - 3 throwing nets {=f, !d}
Armour
 p - a +1 chain mail of fire resistance (worn)
   (You took it off an orc warrior on level 9 of the Dungeon)
 r - a +0 plate armour
   (You bought it in a shop on level 6 of the Dungeon)
 y - a +1 pair of gloves (worn)
   (You found it on level 4 of the Dungeon)
 z - a +2 buckler (worn)
   (You found it on level 5 of the Dungeon)
 B - a +2 pair of boots of running (worn)
   (You acquired it on level 3 of the Lair of Beasts)
 J - a +1 hat (worn)
   (You took it off Gastronok on level 8 of the Dungeon)
 V - a scarf of resistance (worn)
   (You found it on level 2 of the Lair of Beasts)
Magical Staves
 a - an uncursed staff of earth {unknown}
   (You found it on level 3 of the Lair of Beasts)
Jewellery
 e - an uncursed ring of magical power {MP+9}
   (You found it on level 1 of the Dungeon)
 k - an amulet of rage (around neck) {+Rage, !d}
   (You found it on level 3 of the Lair of Beasts)
 l - a ring of poison resistance (left hand) {rPois, !d}
   (You found it on level 1 of the Dungeon)
 t - an uncursed ring of ice {rC+, rF-}
   (You found it on level 2 of the Dungeon)
 u - an uncursed ring of see invisible {sInv, !d}
   (You found it on level 2 of the Dungeon)
 D - an uncursed amulet of magic regeneration {@e1}
   (You took it off an orc priest on level 11 of the Dungeon)
 I - an uncursed ring of stealth {Stlth+}
   (You found it on level 8 of the Dungeon)
 R - a ring of flight (right hand) {+Fly, !d}
   (You found it on level 10 of the Dungeon)
Wands
 C - a wand of disintegration (8) {@e1}
   (You found it on level 8 of the Dungeon)
 P - a wand of digging (9)
   (You found it on level 10 of the Dungeon)
 U - a wand of iceblast (11)
   (You found it on level 2 of the Lair of Beasts)
Scrolls
 b - a scroll of silence
 i - 4 scrolls of teleportation
 m - 3 scrolls of fear
 E - 6 scrolls of identify
 M - 4 scrolls of amnesia
 Q - 2 scrolls of enchant weapon
 S - 2 scrolls of blinking {!r}
 T - 4 scrolls of remove curse
Potions
 g - a potion of experience {unknown}
 h - 4 potions of brilliance
 j - a potion of haste
 n - a potion of curing
 o - 2 potions of lignification {!q}
 q - 2 potions of heal wounds {unknown}
 s - 3 potions of invisibility
 v - a potion of cancellation {unknown}
 x - 4 potions of degeneration {@e1!q}
 A - 3 potions of might
 G - a potion of berserk rage {unknown}
 H - 2 potions of flight {unknown}
 K - 3 potions of agility {unknown}
Miscellaneous
 w - a lamp of fire
   (You found it on level 1 of the Lair of Beasts)
Comestibles
 c - 8 chunks of flesh {@w0}
 f - 14 rations {@e1}


   Skills:
 + Level 13.4 Fighting
 - Level 16.0 Axes
 - Level 2.0 Throwing
 + Level 10.4 Armour
 + Level 10.2 Dodging
 - Level 4.0 Shields
 * Level 5.1 Invocations


You had 12 spell levels left.
You didn't know any spells.
Your spell library contained the following spells:

 Spells                   Type           Power        Failure   Level  Hunger
 Magic Dart               Conj           #...         99%         1    ##.....
 Apportation              Tloc           #.....       99%         1    ##.....
 Conjure Flame            Conj/Fire      #.......     100%        3    ####...
 Slow                     Hex            #.......     99%         2    ###....
 Invisibility             Hex            #.......     100%        6    #######
 Mephitic Cloud           Conj/Pois/Air  #.......     100%        3    ####...
 Summon Small Mammal      Summ           #...         99%         1    ##.....
 Blink                    Tloc           N/A          99%         2    ###....
 Animate Skeleton         Necr           N/A          99%         1    ##.....
 Call Imp                 Summ           #.......     99%         2    ###....
 Tukima's Dance           Hex            #.......     100%        3    ####...
 Confusing Touch          Hex            #.....       99%         1    ##.....
 Summon Butterflies       Summ           #.......     99%         1    ##.....
 Alistair's Intoxication  Tmut/Pois      #.......     100%        5    ######.
 Lesser Beckoning         Tloc           #.........   100%        3    ####...


Dungeon Overview and Level Annotations

Branches:
Dungeon (11/15)            Temple (0/1) D:6            Lair (4/6) D:11
  Swamp (0/4) Lair:3        Snake (0/4) Lair:3          Orc (0/2) D:10

Altars:
Dithmenos
Elyvilon
Fedhas
Kikubaaqudgha
Makhleb
Sif Muna
Uskayaw
Yredelemnul
Zin
The Shining One

Shops:
D:4 !   D:6 *   D:10 ([   D:11 %


Innate Abilities, Weirdness & Mutations

You reflexively headbutt those who attack you in melee.
You have a pair of horns on your head.


Message History

Lightning courses through the torpor snail!
You headbutt the torpor snail. The basilisk gazes at you.
You are slowing down.
The yak gores you but does no damage.
You hit the torpor snail but do no damage.
The basilisk bites you! The yak gores you but does no damage.
The torpor snail bites you but does no damage.
Your limbs are stiffening.
You take 6 damage, and have 62/122 hp.
You hit the torpor snail but do no damage.
You headbutt the torpor snail! The basilisk gazes at you.
You easily resist.
The yak gores you.
The torpor snail bites you but does no damage.
The basilisk bites you but does no damage.
You have turned to stone.
The yak gores you but does no damage.
The polar bear bites you but does no damage.
The polar bear claws you but does no damage. x2
The torpor snail bites you! The basilisk bites you.
The yak gores you but does no damage. The polar bear barely misses you.
The polar bear claws you but does no damage.
The polar bear completely misses you. The basilisk gazes at you.
The yak gores you. The torpor snail bites you!
The polar bear bites you but does no damage.
The polar bear claws you but does no damage. x2
The basilisk gazes at you.
You easily resist.
The yak gores you but does no damage.
The polar bear bites you but does no damage.
The polar bear completely misses you.
The polar bear claws you but does no damage.
The torpor snail bites you.
The basilisk bites you but does no damage.
The yak gores you but does no damage. The polar bear bites you.
The polar bear claws you but does no damage. x2
The basilisk bites you! The yak gores you but does no damage.
The torpor snail bites you. The polar bear bites you.
The polar bear claws you but does no damage. x2
The basilisk bites you. The yak barely misses you. The torpor snail bites you.
The polar bear bites you but does no damage.
The polar bear claws you but does no damage. x2
The basilisk bites you but does no damage.
The yak gores you but does no damage.
The polar bear bites you but does no damage.
The polar bear claws you but does no damage.
The polar bear completely misses you. The torpor snail bites you!
* * * LOW HITPOINT WARNING * * *
The basilisk bites you but does no damage.
The yak gores you.
* * * LOW HITPOINT WARNING * * *
The polar bear completely misses you.
The polar bear claws you but does no damage. x2
The basilisk gazes at you.
You easily resist.
You hear the slow rumble of a very distant avalanche of rocks.
The yak gores you but does no damage. The torpor snail bites you!
* * * LOW HITPOINT WARNING * * *
The polar bear bites you but does no damage.
The polar bear claws you.
* * * LOW HITPOINT WARNING * * *
The polar bear claws you but does no damage.
The basilisk bites you.
* * * LOW HITPOINT WARNING * * *
You turn to flesh and can move again.
You take 41 damage, and have 21/122 hp.
MASSIVE DAMAGE!!
You hit the torpor snail but do no damage.
You block the yak's attack. The polar bear barely misses you.
The polar bear completely misses you. The polar bear misses you.
The torpor snail bites you but does no damage.
You hit the torpor snail but do no damage.
The basilisk gazes at you.
You easily resist.
The yak closely misses you. The polar bear barely misses you.
You furiously retaliate!
You headbutt the polar bear! The polar bear claws you.
* * * LOW HITPOINT WARNING * * *
The polar bear claws you but does no damage.
You take 3 damage, and have 19/122 hp.
You hit the torpor snail but do no damage.
You headbutt the torpor snail. The basilisk gazes at you.
You easily resist.
You block the yak's attack. You block the torpor snail's attack.
You completely miss the torpor snail.
You headbutt the torpor snail, but do no damage.
The polar bear bites you!
* * * LOW HITPOINT WARNING * * *
The polar bear claws you but does no damage. x2
You block the basilisk's attack. You block the yak's attack.
You take 9 damage, and have 10/122 hp.
You hit the torpor snail but do no damage.
The polar bear bites you!
* * * LOW HITPOINT WARNING * * *
The polar bear claws you.
You die...

.......................
.....##.................
...#####................
....# #.................
....###.................
......#.................
........................
..###............h......
.####...........@Y......
.###............wl......
........................
........................
.......<..............#.
........................
...........†........#...
................##..P...
................#


You could see a torpor snail, a polar bear, a yak and a basilisk.

Vanquished Creatures
  Gastronok (D:8)
  A fire dragon (Lair:2)
  2 hydras
  3 two-headed ogres
  A centaur warrior (D:10)
  5 death yaks
  An ugly thing (D:9)
  2 black mambas (Lair:1)
  A cyclops (D:11)
  5 spiny frogs
  A gargoyle (D:10)
  A kobold demonologist (D:8)
  2 centaur skeletons (D:10)
  A rime drake (Lair:3)
  A komodo dragon (Lair:2)
  A hornet (D:6)
  2 trolls
  4 hippogriffs
  A wraith (D:10)
  The ghost of Tallis the Chucker, an amateur OgHu of Hepliaklqana (D:3)
  A wyvern (D:8)
  A basilisk (Lair:4)
  30 yaks
  A hungry ghost (D:7)
  2 nagas (Lair:3)
  A soldier ant (D:10)
  4 swamp worms (Lair:3)
  9 water moccasins
  4 porcupines
  6 orc warriors
  An ice beast (D:7)
  13 ogres
  2 phantoms
  3 necrophages
  9 centaurs
  5 crocodiles
  20 big kobolds
  8 bullfrogs
  3 scorpions
  A water moccasin skeleton (D:4)
  A killer bee (D:9)
  An electric eel (Lair:3)
  A jelly (D:10)
  12 howler monkeys
  6 crimson imps
  15 hounds
  4 bullfrog skeletons
  11 orc priests
  3 iguanas
  10 orc wizards
  6 worker ants
  A hound skeleton (D:6)
  A howler monkey zombie (D:9)
  A worker ant zombie (D:8)
  3 gnolls (D:5)
  2 howler monkey skeletons
  9 adders
  8 shadow imps
  A white imp (D:6)
  An ooze (D:7)
  An adder skeleton (D:7)
  2 worms
  7 leopard geckos
  57 orcs
  5 ball pythons
  7 bats
  6 giant cockroaches
  13 goblins
  9 hobgoblins
  25 jackals
  6 quokkas
  8 frilled lizards
  A giant cockroach zombie (D:6)
  3 goblin zombies (D:4)
  2 hobgoblin zombies (D:4)
  30 kobolds
  3 kobold skeletons (D:4)
  A leopard gecko zombie (D:5)
  2 orc zombies (D:4)
  9 rats
  A fungus (Lair:3)
456 creatures vanquished.

Vanquished Creatures (collateral kills)
  A hydra (Lair:3)
  A death yak (Lair:3)
2 creatures vanquished.

Vanquished Creatures (others)
  A fungus (Lair:2)
  A plant (Lair:2)
2 creatures vanquished.

Grand Total: 460 creatures vanquished

Notes
Turn   | Place    | Note
-------+----------+-------------------------------------------
     0 | D:1      | Firecrotchwizard the Minotaur Gladiator began the quest for the Orb.
     0 | D:1      | Reached XP level 1. HP: 18/18 MP: 0/0
    61 | D:1      | HP: 4/18 [hobgoblin/club (1)]
   327 | D:1      | Reached XP level 2. HP: 22/25 MP: 1/1
   357 | D:1      | Reached skill level 4 in Axes
   480 | D:1      | Reached skill level 1 in Armour
   871 | D:2      | Reached XP level 3. HP: 30/30 MP: 2/2
  1053 | D:2      | Found a hide-covered altar of Uskayaw.
  1100 | D:2      | Reached skill level 3 in Fighting
  1646 | D:2      | Found a burning altar of Makhleb.
  1658 | D:2      | Reached XP level 4. HP: 36/38 MP: 3/3
  1666 | D:2      | Became a worshipper of Makhleb the Destroyer
  1709 | D:3      | Reached skill level 5 in Axes
  1751 | D:3      | Found an ancient bone altar of Kikubaaqudgha.
  2063 | D:3      | Reached XP level 5. HP: 46/46 MP: 4/4
  2134 | D:3      | Reached skill level 4 in Fighting
  2134 | D:3      | Reached skill level 6 in Axes
  2179 | D:3      | Noticed Tallis's ghost (amateur OgHu)
  2186 | D:3      | HP: 8/46 [Tallis's ghost (11)]
  2211 | D:3      | HP: 5/46 [Tallis's ghost (6)]
  2491 | D:3      | Killed Tallis's ghost
  2491 | D:3      | Reached XP level 6. HP: 24/53 MP: 5/5
  2782 | D:3      | Reached skill level 7 in Axes
  2907 | D:4      | Found Uruster's Distillery.
  2912 | D:4      | Reached skill level 5 in Fighting
  2923 | D:4      | Reached * piety under Makhleb
  2935 | D:3      | Reached XP level 7. HP: 19/61 MP: 6/6
  3160 | D:4      | Found a glowing golden altar of the Shining One.
  3196 | D:4      | Bought a potion of curing for 30 gold pieces
  3205 | D:4      | Reached skill level 8 in Axes
  3802 | D:5      | Entered Level 5 of the Dungeon
  3827 | D:5      | Reached skill level 6 in Fighting
  3827 | D:5      | Reached skill level 9 in Axes
  4055 | D:5      | Reached ** piety under Makhleb
  4055 | D:5      | Reached skill level 1 in Shields
  4086 | D:5      | Reached XP level 8. HP: 39/71 MP: 7/7
  4245 | D:5      | Reached skill level 2 in Shields
  4446 | D:5      | Reached skill level 3 in Shields
  5004 | D:5      | You fall through a shaft for 3 floors!
  5084 | D:7      | Reached skill level 10 in Axes
  5121 | D:7      | Reached skill level 7 in Fighting
  5121 | D:7      | Reached skill level 4 in Shields
  5130 | D:7      | Noticed a hornet
  5141 | D:6      | Killed a hornet
  5257 | D:6      | Found a staircase to the Ecumenical Temple.
  5473 | D:6      | Found Gyrph's General Store.
  5577 | D:6      | Reached skill level 11 in Axes
  5584 | D:6      | Reached XP level 9. HP: 77/81 MP: 8/8
  6149 | D:6      | Reached skill level 8 in Fighting
  7296 | D:7      | Reached *** piety under Makhleb
  7306 | D:7      | Reached skill level 12 in Axes
  7326 | D:7      | Reached skill level 9 in Fighting
  7576 | D:8      | Reached skill level 13 in Axes
  7672 | D:6      | Bought a +0 plate armour for 253 gold pieces
  7722 | D:8      | Reached skill level 2 in Armour
  7722 | D:8      | Reached skill level 4 in Dodging
  7793 | D:8      | Noticed Gastronok
  7801 | D:8      | Reached XP level 10. HP: 91/91 MP: 9/9
  7869 | D:8      | Noticed a two-headed ogre
  7878 | D:8      | Killed a two-headed ogre
  7878 | D:8      | Reached skill level 10 in Fighting
  7878 | D:8      | Reached skill level 3 in Armour
  7912 | D:8      | Reached skill level 5 in Dodging
  7913 | D:8      | Reached **** piety under Makhleb
  7929 | D:8      | Reached skill level 4 in Armour
  7963 | D:8      | Reached skill level 5 in Armour
  8146 | D:8      | Reached skill level 6 in Dodging
  8228 | D:8      | Killed Gastronok
  8228 | D:8      | Reached skill level 11 in Fighting
  8228 | D:8      | Reached skill level 14 in Axes
  8228 | D:8      | Reached skill level 6 in Armour
  8228 | D:8      | Reached XP level 11. HP: 101/101 MP: 10/10
  8296 | D:8      | Found a white marble altar of Elyvilon.
  8296 | D:8      | Found a glowing silver altar of Zin.
  8302 | D:8      | Found a shadowy altar of Dithmenos.
  8653 | D:9      | Found a basalt altar of Yredelemnul.
  8764 | D:9      | Reached skill level 7 in Dodging
  8920 | D:9      | Found a blossoming altar of Fedhas.
  9021 | D:9      | Reached ***** piety under Makhleb
  9054 | D:9      | Noticed a two-headed ogre
  9060 | D:9      | Killed a two-headed ogre
  9060 | D:9      | Reached skill level 7 in Armour
  9492 | D:9      | Found a deep blue altar of Sif Muna.
  9537 | D:10     | Entered Level 10 of the Dungeon
  9538 | D:10     | Found a staircase to the Orcish Mines.
  9538 | D:10     | Found Mauptakk's Armour Boutique.
  9538 | D:10     | Found Uregroi's Weapon Boutique.
  9540 | D:10     | Noticed a green ugly thing
  9589 | D:9      | Killed a green ugly thing
 10057 | D:10     | Reached skill level 8 in Dodging
 10254 | D:10     | Noticed a centaur warrior
 10273 | D:10     | Killed a centaur warrior
 10273 | D:10     | Reached skill level 12 in Fighting
 10273 | D:10     | Reached skill level 8 in Armour
 11096 | D:11     | Reached skill level 15 in Axes
 11304 | D:11     | Reached XP level 12. HP: 104/112 MP: 11/11
 11409 | D:11     | Found a blossoming altar of Fedhas.
 11444 | D:11     | Found Futhumet's Food Boutique.
 11546 | D:11     | Noticed a two-headed ogre
 11626 | D:11     | Found a staircase to the Lair.
 12016 | D:11     | Killed a two-headed ogre
 12119 | Lair:1   | Entered Level 1 of the Lair of Beasts
 12128 | D:11     | Reached skill level 9 in Armour
 12128 | D:11     | Reached skill level 9 in Dodging
 13209 | Lair:2   | Noticed a death yak
 13209 | Lair:2   | Noticed a death yak
 13210 | Lair:2   | Noticed a death yak
 13210 | Lair:2   | Noticed a death yak
 13452 | Lair:2   | Killed a death yak
 13921 | Lair:2   | Reached skill level 16 in Axes
 14118 | Lair:2   | Noticed a fire dragon
 14157 | Lair:2   | Killed a fire dragon
 14157 | Lair:2   | Reached skill level 1 in Invocations
 14489 | Lair:3   | Reached skill level 2 in Invocations
 14549 | Lair:3   | Reached skill level 13 in Fighting
 14658 | Lair:3   | Noticed a death yak
 14659 | Lair:3   | Noticed a death yak
 14659 | Lair:3   | Noticed a death yak
 14659 | Lair:3   | Noticed a death yak
 14659 | Lair:3   | Noticed a death yak
 14681 | Lair:3   | Killed a death yak
 14683 | Lair:3   | Killed a death yak
 14683 | Lair:3   | Reached skill level 3 in Invocations
 14685 | Lair:3   | Killed a death yak
 14695 | Lair:3   | Killed a death yak
 14695 | Lair:3   | Reached skill level 10 in Armour
 14708 | Lair:3   | Killed a death yak
 14723 | Lair:3   | Identified a scroll of acquirement
 14730 | Lair:3   | Identified a +2 pair of boots of running (You acquired it on level 3 of the Lair of Beasts)
 14831 | Lair:3   | Noticed a seven-headed hydra
 14835 | Lair:3   | Noticed a seven-headed hydra
 14844 | Lair:3   | Killed a seven-headed hydra
 14844 | Lair:3   | Reached skill level 4 in Invocations
 14851 | Lair:3   | Killed a seven-headed hydra
 14851 | Lair:3   | Reached skill level 10 in Dodging
 14851 | Lair:3   | Reached XP level 13. HP: 31/122 MP: 13/15
 15262 | Lair:3   | Found a staircase to the Snake Pit.
 15335 | Lair:3   | HP: 28/122 [electric eel/bolt of electricity (8)]
 15797 | Lair:3   | Found a staircase to the Swamp.
 16132 | Lair:4   | Reached skill level 5 in Invocations
 16154 | Lair:4   | HP: 24/122 [torpor snail (7)]
 16158 | Lair:4   | HP: 10/122 [polar bear (10)]
 16159 | Lair:4   | HP: 1/122 [polar bear (9)]
 16159 | Lair:4   | Slain by a polar bear

Vault maps used:
D:1:      noname_arrival_rooms_in_the_neighbourhood
D:2:      minmay_wonky_spiral, eat_drink_and_be_merry_uskayaw,
          lightli_temple_of_fire
D:3:      overflow_temple_1_default, first_ration, due_unseen_surprise
D:4:      nicolae_tso_besieged_by_evil, serial_shops, shop, feat_on_display
D:5:      minivault_11
D:6:      nicolae_whirlpool, minmay_temple_entry_glass, serial_shops,
          nicolae_shop_window_shopping, minmay_fire_ice_demons
D:7:      the_bakery
D:8:      chequers_temple_overflow_statue_of_worship, special_room, basic_altar,
          uniq_gastronok
D:9:      lemuel_blue_sif_altar, fedhas_bush_and_centaur_altar, basic_altar,
          kennysheep_small_circle
D:10:     orc_david_3, grunt_potential
D:11:     lair_entry_dummy, serial_shops, shop, basic_altar, minivault_27
Lair:2:   dragon1_lemuel
Lair:3:   nicolae_swamp_entry_splash_gauntlet,
          minmay_snake_entry_guardpost_small
Lair:4:   nicolae_volcano_entry_batcave, grunt_megastairs_5,
          serial_bayou_shore_b, lemuel_fruit_fields

Skill      XL: |  1  2  3  4  5  6  7  8  9 10 11 12 13 |
---------------+----------------------------------------+-----
Axes           | 4 5 6 7 9 11 13 14 15 16 | 16.0
Armour         | 1 2 6 8 10 | 10.4
Fighting       | 3 4 5 6 7 9 11 12 13 | 13.4
Shields        | 1 4 |  4.0
Dodging        | 4 6 8 10 | 10.2
Invocations    | 4 5 |  5.1
Throwing       | |  2.0

Action                   |  1- 3 |  4- 6 |  7- 9 | 10-12 | 13-15 || total
-------------------------+-------+-------+-------+-------+-------++-------
Melee: War axe           |    92 |    96 |   317 |   272 |       ||   777
       Headbutt          |     9 |    12 |    60 |   228 |    36 ||   345
       Whip              |       |       |       |   596 |   109 ||   705
Invok: Lesser Servant of |       |       |       |     4 |       ||     4
       Major Destruction |       |       |       |       |     3 ||     3
Evoke: Wand              |       |       |       |     5 |       ||     5
  Use: Scroll            |     1 |       |    12 |    11 |       ||    24
       Potion            |       |       |       |     3 |     2 ||     5
  Eat: Chunk             |     2 |     4 |    14 |    16 |       ||    36
       Ration            |       |       |     1 |     2 |     1 ||     4
Armor: Ring mail         |    32 |    19 |    12 |       |       ||    63
       Leather armour    |     1 |       |       |       |       ||     1
       Scale mail        |       |       |    84 |       |       ||    84
       Plate armour      |       |       |    10 |   140 |       ||   150
       Chain mail        |       |       |       |   142 |    77 ||   219
Dodge: Dodged            |    76 |    50 |   119 |   261 |    64 ||   570
Block: Buckler           |       |       |    68 |   220 |    32 ||   320

Table legend:
 A = Spawn XP
 B = Non-spawn XP
 C = Spawn XP percentage of total XP
 D = Spawn monster count
 E = Non-spawn monster count
 F = Spawn count percentage of total count
 G = Total turns spent on level
                    A         B        C        D         E        F      G
               +---------+---------+-------+---------+---------+-------+---------
         Total |       0 |   42751 |   0.0 |       0 |     457 |   0.0 | 16159
               +---------+---------+-------+---------+---------+-------+---------
           D:1 |       0 |      39 |   0.0 |       0 |      20 |   0.0 |   867
           D:2 |       0 |      59 |   0.0 |       0 |      33 |   0.0 |  1180
           D:3 |       0 |     494 |   0.0 |       0 |      29 |   0.0 |  1180
           D:4 |       0 |     367 |   0.0 |       0 |      28 |   0.0 |   575
           D:5 |       0 |    1046 |   0.0 |       0 |      43 |   0.0 |  1202
           D:6 |       0 |    1400 |   0.0 |       0 |      21 |   0.0 |  2242
           D:7 |       0 |    1458 |   0.0 |       0 |      28 |   0.0 |   426
           D:8 |       0 |    6670 |   0.0 |       0 |      66 |   0.0 |   981
           D:9 |       0 |    4723 |   0.0 |       0 |      51 |   0.0 |  1176
          D:10 |       0 |    3715 |   0.0 |       0 |      36 |   0.0 |  1195
          D:11 |       0 |    6326 |   0.0 |       0 |      48 |   0.0 |  1101
        Lair:1 |       0 |    2931 |   0.0 |       0 |      12 |   0.0 |  1029
        Lair:2 |       0 |    2763 |   0.0 |       0 |       7 |   0.0 |  1257
        Lair:3 |       0 |    8972 |   0.0 |       0 |      31 |   0.0 |  1622
        Lair:4 |       0 |    1788 |   0.0 |       0 |       4 |   0.0 |   126
               +---------+---------+-------+---------+---------+-------+---------

Vault maps used:
D:1:      noname_arrival_rooms_in_the_neighbourhood
D:2:      minmay_wonky_spiral, eat_drink_and_be_merry_uskayaw,
          lightli_temple_of_fire
D:3:      overflow_temple_1_default, first_ration, due_unseen_surprise
D:4:      nicolae_tso_besieged_by_evil, serial_shops, shop, feat_on_display
D:5:      minivault_11
D:6:      nicolae_whirlpool, minmay_temple_entry_glass, serial_shops,
          nicolae_shop_window_shopping, minmay_fire_ice_demons
D:7:      the_bakery
D:8:      chequers_temple_overflow_statue_of_worship, special_room, basic_altar,
          uniq_gastronok
D:9:      lemuel_blue_sif_altar, fedhas_bush_and_centaur_altar, basic_altar,
          kennysheep_small_circle
D:10:     orc_david_3, grunt_potential
D:11:     lair_entry_dummy, serial_shops, shop, basic_altar, minivault_27
Lair:2:   dragon1_lemuel
Lair:3:   nicolae_swamp_entry_splash_gauntlet,
          minmay_snake_entry_guardpost_small
Lair:4:   nicolae_volcano_entry_batcave, grunt_megastairs_5,
          serial_bayou_shore_b, lemuel_fruit_fields

Table legend:
 A = Turns spent in this place as a percentage of turns spent in the entire game.
 B = Non-inter-level travel turns spent in this place as a percentage of non-inter-level travel turns spent in the entire game.
 C = Inter-level travel turns spent in this place as a percentage of turns spent in this place.
 D = Turns resting spent in this place as a percentage of non-inter-level travel turns spent in this place.
 E = Turns spent auto-exploring this place as a percentage of non-inter-level travel turns spent in this place.
 F = Non-inter-level travel turns spent in this place divided by the number of levels of this place that you've seen.
                   A       B       C       D       E      F
               +-------+-------+-------+-------+-------+----------------------
         Total | 100.0 | 100.0 |   4.7 |  31.3 |  47.8 | 1026.9
       Dungeon |  75.0 |  75.1 |   4.6 |  31.5 |  46.5 | 1051.6
          Lair |  25.0 |  24.9 |   4.9 |  30.5 |  51.7 | 959.0
               +-------+-------+-------+-------+-------+----------------------

Table legend:
 A = Kills in this place as a percentage of kills in entire the game.
 B = Kills by you in this place as a percentage of kills by you in the entire game.
 C = Kills by friends in this place as a percentage of kills by friends in the entire game.
 D = Other kills in this place as a percentage of other kills in the entire game.
 E = Experience gained in this place as a percentage of experience gained in the entire game.
 F = Experience gained in this place divided by the number of levels of this place that you have seen.
                   A       B       C       D       E      F
               +-------+-------+-------+-------+-------+----------------------
         Total | 100.0 | 100.0 | 100.0 |   N/A | 100.0 | 2850.1
       Dungeon |  88.2 |  88.6 |   0.0 |   N/A |  61.5 | 2390.6
          Lair |  11.8 |  11.4 | 100.0 |   N/A |  38.5 | 4113.5
               +-------+-------+-------+-------+-------+----------------------
